Map: Abiogenesis LE

Players

axu - Winner!

  • Race: Protoss Protoss
  • League: Platinum
  • Spawn Location: 11:00

loic

  • Race: Protoss Protoss
  • League: Platinum
  • Spawn Location: 5:00

VOD

Have the link to the VOD?

Description

Time

  • Played on: April 10, 2018, 8:47 a.m.
  • Length: 10:09
Show
View Real Time Build Order
Export as new Build Order

axu Protoss - Winner!

Build Orders:  

Get SALT Encoding   

  12  0:01  Probe  
  13  0:13  Probe  
  14  0:24  Pylon  
  14  0:25  Probe  
  16  0:42  Probe  
  16  0:44  Gateway  
  16  0:54  Assimilator  
  16  0:55  Probe  
  17  1:08  Probe (Chrono Boost)  
  18  1:14  Assimilator  
  18  1:20  Probe (Chrono Boost)  
  19  1:36  Probe (Chrono Boost)  
  20  1:43  Cybernetics Core  
  21  1:47  Gateway  
  21  1:48  Probe (Chrono Boost)  
  21  1:53  Probe (Chrono Boost)  
  22  1:58  Pylon  
  22  2:02  Probe  
  23  2:16  Probe  
  23  2:20  Warp Gate  
  24  2:28  Probe  
  25  2:35  Stalker (Chrono Boost)  
  29  2:44  Stalker (Chrono Boost)  
  29  2:48  Probe  
  30  2:52  Robotics Facility  
  30  3:00  Shield Battery  
  30  3:15  Probe  
  31  3:26  Pylon  
  31  3:38  Nexus  
  31  3:44  Stalker x2  
  35  3:49  Immortal  
  40  5:00  Probe x2  
  41  5:12  Probe x2  
  40  5:15  Stalker  
  40  5:17  Stalker  
  40  5:19  Immortal (Chrono Boost)  
  43  5:28  Gateway x2  
  45  5:33  Gateway  
  41  5:49  Immortal (Chrono Boost)  
  45  5:58  Shield Battery  
  45  6:01  Stalker  
  45  6:02  Shield Battery  
  47  6:18  Immortal (Chrono Boost)  
  49  6:27  Stalker x2  
  53  6:44  Probe  
  54  6:54  Pylon  
  54  6:59  Pylon  
  54  7:02  Pylon  
  54  7:06  Immortal  
  54  7:11  Twilight Council, Forge  
  54  7:12  Probe x2  
  60  7:16  Stalker  
  60  7:17  Stalker  
  60  7:19  Stalker  
  66  7:24  Pylon  
  66  7:25  Probe x2 (Chrono Boost)  
  68  7:30  Pylon  
  68  7:33  Assimilator  
  68  7:35  Probe x2 (Chrono Boost)  
  70  7:40  Stalker x2, Probe (Chrono Boost)  
  75  7:48  Gateway  
  77  8:36  Stalker x3  
  77  8:41  Pylon  
  77  8:57  Immortal  
  75  9:25  Nexus  
  73  9:36  Pylon  
  73  9:38  Pylon  
  71  9:56  Pylon  
Show
View Real Time Build Order
Export as new Build Order

loic Protoss 

Build Orders:  

Get SALT Encoding   

  12  0:01  Probe  
  13  0:13  Probe  
  14  0:21  Pylon  
  14  0:31  Probe  
  15  0:43  Probe  
  15  0:47  Gateway  
  16  0:55  Probe  
  17  0:57  Assimilator  
  17  1:13  Probe  
  17  1:16  Assimilator  
  18  1:22  Pylon  
  18  1:36  Cybernetics Core  
  18  1:39  Probe  
  19  1:52  Probe (Chrono Boost)  
  20  2:04  Probe (Chrono Boost)  
  21  2:14  Probe, Pylon  
  22  2:16  Warp Gate (Chrono Boost)  
  22  2:26  Probe  
  23  2:31  Stalker  
  25  2:40  Forge  
  25  2:46  Shield Battery  
  25  3:09  Robotics Facility  
  25  3:12  Shield Battery  
  24  3:13  Stalker  
  26  3:26  Gateway  
  26  3:29  Gateway  
  26  3:32  Gateway  
  26  3:35  Pylon  
  26  3:43  Pylon  
  26  3:46  Stalker  
  28  3:55  Pylon  
  28  3:56  Immortal  
  32  4:33  Pylon  
  32  4:36  Immortal  
  35  4:53  Stalker x4  
  37  5:41  Stalker x4  
  45  5:55  Warp Prism  
  41  6:50  Immortal (Chrono Boost)  
  45  6:58  Shield Battery  
  45  7:10  Shield Battery  
  45  7:13  Sentry  
  47  7:26  Immortal (Chrono Boost)  
  51  7:59  Immortal  
  45  8:27  Stalker  
Tags
 
Add a new tag
Caveats
  • Supply blocks, unpowered buildings, or Contaminate may cause inaccurate times.
  • Supply counts are checked every 10 seconds.